 Dungeon Crawl Stone Soup version 0.20.0-10-g0535bb4 (webtiles) character file.

607 Naow the Shield-Bearer (level 7, -4/56 HPs)
             Began as a Formicid Fighter on June 7, 2017.
             Splashed by Ijyb's acid (11 damage)
             ... on level 4 of the Dungeon.
             The game lasted 00:06:48 (5171 turns).

Naow the Shield-Bearer (Formicid Fighter)           Turns: 5171, Time: 00:06:49

Health: -4/56      AC:  2    Str: 23    XL:     7   Next: 71%
Magic:  7/7        EV:  8    Int: 12    God:
Gold:   253        SH: 11    Dex: 10    Spells: 6/6 levels left

rFire    . . .     SeeInvis +   a - +0 war axe
rCold    . . .     Gourm    .   c - +1 shield
rNeg     . . .     Faith    .   b - +0 scale mail
rPois    +         Spirit   .   (helmet unavailable)
rElec    .         Reflect  .   (no cloak)
rCorr    .         Harm     .   (no gloves)
MR       .....                  (no boots)
Stlth    ..........             (no amulet)
Regen    0.2/turn               d - ring of poison resistance
MPRegen  0.1/turn               (no ring)

@: brilliant, corroded
A: permanent stasis, dig shafts and tunnels, four strong arms, antennae 3
a: Dig, Shaft Self


You were on level 4 of the Dungeon.
You were not hungry.

You visited 1 branch of the dungeon, and saw 5 of its levels.

You collected 253 gold pieces.

Inventory:

Hand Weapons
 a - a +0 war axe (weapon)
Armour
 b - a +0 scale mail (worn)
 c - a +1 shield (worn)
Jewellery
 d - a ring of poison resistance (left hand)
Scrolls
 g - 3 scrolls of amnesia
 h - a scroll of enchant armour
 i - a scroll of fog
 k - 5 scrolls of identify
 o - 3 scrolls of remove curse
 p - a scroll of fear {unknown}
 r - 2 scrolls of immolation {unknown}
 u - 2 scrolls of random uselessness {unknown}
 v - 2 scrolls of enchant weapon {unknown}
 y - 2 scrolls of noise {unknown}
 B - a scroll of teleportation {unknown}
Potions
 m - 3 potions of mutation
 n - a potion of flight {unknown}
 s - a potion of berserk rage
 w - 2 potions of brilliance
 z - a potion of lignification {unknown}
 A - a potion of degeneration {unknown}
Comestibles
 f - 4 bread rations
 j - 7 meat rations
 q - 4 chunks of flesh
 t - 4 fruits
 x - 2 royal jellies


   Skills:
 + Level 5.3 Fighting
 * Level 5.6 Axes
 - Level 3.2 Armour
 + Level 6.1 Shields


You had 6 spell levels left.
You didn't know any spells.

Dungeon Overview and Level Annotations

Branches:
Dungeon (5/15)
 Temple: D:4-7

Altars:
Dithmenos
Elyvilon
Fedhas
Ru
Zin

Annotations:
D:4 Ijyb
D:5 Grinder


Innate Abilities, Weirdness & Mutations

You cannot be hasted, slowed, berserked, paralysed or teleported.
You can dig through walls and to a lower floor.
Your four strong arms can wield two-handed weapons with a shield.
You have a pair of large antennae on your head. (SInv)


Message History

Ijyb hits you but does no damage.
It was a potion of berserk rage.
Your stasis prevents you from going berserk.
You block Ijyb's attack.
You hit Ijyb but do no damage. Ijyb hits you but does no damage.
You hit Ijyb but do no damage. You closely miss the orc.
You block Ijyb's attack. You block the orc's attack.
You slash the orc!
You kill the orc!
You hit Ijyb but do no damage. Ijyb barely misses you.
Ijyb zaps a wand.
The bolt of acid misses you.
You closely miss Ijyb.
Ijyb screams, "It's all mine!"
Ijyb closely misses you.
You hit Ijyb but do no damage. Ijyb hits you with a dagger.
You hit Ijyb but do no damage. Ijyb barely misses you.
Ijyb zaps a wand.
The bolt of acid hits you!
* * * LOW HITPOINT WARNING * * *
You are splashed with acid!
The acid burns!
You die...

# ###..........#.#.###
#...............### ########
#...##...#....).... >).....#
#...##...###..##### ######.###
#...########.#### .........##
#...# #.......#
##.##.#...#####[..#####.##.##.#
##.##...[[..............##.##.###
##.##..........)@..........##....
##.#.............g......##.##.###
...#.##...#####...#####.##.##.#
####.###### #...# #.......# # #.#
#...# ####....# # #.# #...#
#.#### ####.# #...# #.# .....#
######...# #.# ###### #.......##
#.#


You could see Ijyb.

Vanquished Creatures
  A phantom (D:4)
  An ogre (D:4)
  A scorpion (D:4)
  A howler monkey (D:5)
  2 orc wizards (D:4)
  A worker ant (D:4)
  2 hound skeletons (D:4)
  6 gnolls
  6 adders
  2 shadow imps (D:5)
  2 oozes
  2 worms
  3 dart slugs
  2 leopard geckos
  8 orcs
  4 giant cockroaches
  9 goblins
  7 hobgoblins
  17 jackals
  6 kobolds
  A ball python skeleton (D:5)
  9 bats
  5 frilled lizards
  5 rats
103 creatures vanquished.

Notes
Turn   | Place    | Note
-------+----------+-------------------------------------------
     0 | D:1      | Naow the Formicid Fighter began the quest for the Orb.
     0 | D:1      | Reached XP level 1. HP: 18/18 MP: 1/1
   217 | D:1      | Reached XP level 2. HP: 23/24 MP: 2/2
   958 | D:2      | Reached XP level 3. HP: 27/29 MP: 3/3
   984 | D:2      | Reached skill level 4 in Shields
  1085 | D:2      | Reached XP level 4. HP: 7/37 MP: 4/4
  1730 | D:2      | Reached XP level 5. HP: 14/42 MP: 5/5
  3025 | D:3      | Found a faded altar of an unknown god.
  3438 | D:4      | Reached skill level 5 in Shields
  3438 | D:4      | Reached XP level 6. HP: 28/49 MP: 6/6
  3777 | D:4      | Found a shadowy altar of Dithmenos.
  3902 | D:4      | Found a sacrificial altar of Ru.
  3905 | D:4      | Found a white marble altar of Elyvilon.
  3908 | D:4      | Found a glowing silver altar of Zin.
  3911 | D:4      | Found a blossoming altar of Fedhas.
  4089 | D:4      | Noticed a phantom
  4110 | D:4      | Killed a phantom
  4370 | D:4      | Reached XP level 7. HP: 53/55 MP: 7/7
  4417 | D:4      | Reached skill level 5 in Axes
  4556 | D:4      | Reached skill level 5 in Fighting
  4636 | D:5      | Entered Level 5 of the Dungeon
  4959 | D:4      | Reached skill level 6 in Shields
  5014 | D:5      | Noticed Grinder
  5157 | D:5      | Noticed Ijyb
  5171 | D:4      | Splashed by Ijyb's acid

Skill      XL: |  1  2  3  4  5  6  7 |
---------------+----------------------+-----
Shields        | 4 5 6 |  6.1
Axes           | 3 4 5 |  5.6
Fighting       | 4 5 |  5.3
Armour         | |  3.2

Action                   |  1- 3 |  4- 6 |  7- 9 || total
-------------------------+-------+-------+-------++-------
Melee: War axe           |    97 |   221 |    74 ||   392
 Abil: Dig               |     1 |       |       ||     1
  Use: Potion            |     1 |       |     2 ||     3
       Scroll            |       |       |     6 ||     6
  Eat: Chunk             |       |    12 |     2 ||    14
Armor: Scale mail        |    61 |    94 |    12 ||   167
Dodge: Dodged            |    30 |    78 |    30 ||   138
Block: Shield            |    58 |   102 |    45 ||   205
